 Dungeon Sprint DCSS version 0.31-a0-664-g902f515a81 (webtiles) character file.

Game seed: 9704884377126367465

11 rocky1 the Ruffian (level 2, -1/22 HPs)
             Began as a Djinni Shapeshifter on Sept 3, 2023.
             Was an Initiate of Gozag.
             Slain by a gnoll
             ... wielding a +0 club
              (7 damage)
             ... in the Dungeon (Sprint VII: "The Pits").
             The game lasted 00:00:21 (201 turns).

rocky1 the Ruffian (Djinni Shapeshifter)             Turns: 201, Time: 00:00:22

Health: -1/22      AC:  2    Str: 13    XL:     2   Next: 40%
Gold:   153        EV: 12    Int: 11    God:    Gozag SH:  0 Dex: 12

rFire   + +          .
                       - Unarmed
rCold   x . .        (no shield)
rNeg    . . .        a - +0 animal skin
rPois   ∞            (helmet currently unavailable)
rElec   .            (cloak currently unavailable)
rCorr   .            (gloves currently unavailable)
SInv    .            (boots unavailable)
Will    .....        (no amulet)
Stlth   +            (no ring)
HPRegen 0.23/turn    (no ring)
MPRegen 0.00/turn

%: no teleportation, infuse magic (-2 HP)
@: beast-form, gold aura, flying
A: beast (slay +2), flying, sickness immunity, fire resistance 2, cold
vulnerability 1, float, innate caster, HP casting, extra vitality 1
a: Begin Untransformation, Renounce Religion, Potion Petition, Call Merchant,
Bribe Branch


You were in the Dungeon.
You worshipped Gozag.
Gozag was aware of your devotion.
You were a hulking beast.
You visited 1 branch You collected 153 gold pieces.

Inventory:

Armour
 a - a +0 animal skin (worn)
Talismans
 c - a beast talisman (active)
 d - a flux talisman
Scrolls
 i - a scroll of blinking
 k - 2 scrolls of vulnerability
 l - a scroll of butterflies
Potions
 b - a potion of lignification
 e - a potion of curing
 f - a potion of heal wounds
 g - a potion of haste
 h - 3 potions of berserk rage
 j - 2 potions of invisibility


   Skills:
 + Level 1.0 Fighting
 + Level 2.8 Dodging
 + Level 0.1 Stealth
 + Level 4.0 Unarmed Combat
 + Level 3.7 Shapeshifting You didn't know any spells. Your spell library was empty.

Dungeon Overview and Level Annotations

Branches:
Dungeon (1/1)

Altars:
Ashenzari
Cheibriados
Dithmenos
Elyvilon
Fedhas
Gozag
Hepliaklqana
Makhleb
Nemelex Xobeh
Okawaru
Qazlal
Ru
Trog
Uskayaw
Wu Jian
Xom
Yredelemnul
Zin
The Shining One
Jiyva
Lugonu


Innate Abilities, Weirdness & Mutations

You are a hulking beast.
Your limbs bulge with bestial killing power. (Slay +2)
You are flying.
You are immune to sickness and miasma.
You are immune to poison.
Your flesh is very heat resistant. (rF++)
You are vulnerable to cold. (rC-)
You float through the air rather than walking.
You learn spells naturally, not from books.
Your magical power is your life essence.
You have superior vitality. (+4 MHP)


Message History

You hit the giant cockroach zombie but do no damage.
You hit the giant cockroach zombie.
The giant cockroach zombie is moderately damaged.
The giant cockroach zombie misses you.
You hit the giant cockroach zombie.
The giant cockroach zombie is severely damaged.
The giant cockroach zombie bites you but does no damage.
You hit the giant cockroach zombie.
You destroy the giant cockroach zombie!
You hit the giant cockroach.
You kill the giant cockroach!
Your Unarmed Combat skill increases to level 4!
No target in view!
No target in view!
No target in view!
No target in view!
No target in view!
No target in view!
You now have 153 gold pieces (gained 81).
There is an open door here.
You reach down and open the door. 2 gnolls come into view.
The gnoll shouts! x2
The gnoll hits you from afar with a +0 spear!
The gnoll is distracted by your dazzling golden aura.
The gnoll hits you with a +0 spear!
The gnoll shouts!
There is an open door here.
You hit the gnoll.
The gnoll is no longer distracted by gold.
The gnoll is lightly wounded.
The gnoll hits you with a +0 club.
* * * LOW HITPOINT WARNING * * *
The gnoll is distracted by your dazzling golden aura.
The gnoll shouts!
You hit the gnoll.
The gnoll is moderately wounded.
The gnoll hits you with a +0 club!
You die...
Your body crumbles into a pile of gold.

#_________.#
#_______...###########++
##########'##...........
#.?(!')))'.##......#..#.
##########.##...........
#.........†.'...........
#+#####'#####......#..#.
#..#..#g.##...........
#..'..hg.#####'#####++
##+####+###.......#
#.......# #.......#
#...<...# #.......#
#.......# #.......#
#########


You could see 2 gnolls.

Vanquished Creatures
  An adder (D)
  A giant cockroach (D)
  A giant cockroach zombie (D)
  A rat (D)
4 creatures vanquished.

Notes
Turn   | Place    | Note
-------+----------+-------------------------------------------
     0 | D        | rocky1 the Djinni Shapeshifter began the quest for the Orb.
     0 | D        | Reached XP level 1. HP: 17/17 MP: 0/0
    34 | D        | Found a bloodstained altar of Trog.
    34 | D        | Found a viscous altar of Jiyva.
    34 | D        | Found a hazy altar of Hepliaklqana.
    34 | D        | Found an opulent altar of Gozag.
    35 | D        | Found a glowing golden altar of the Shining One.
    35 | D        | Found a glowing silver altar of Zin.
    35 | D        | Found a basalt altar of Yredelemnul.
    35 | D        | Found a shimmering altar of Xom.
    35 | D        | Found an ornate altar of the Wu Jian Council.
    35 | D        | Found a sacrificial altar of Ru.
    35 | D        | Found a stormy altar of Qazlal.
    35 | D        | Found an iron altar of Okawaru.
    35 | D        | Found a sparkling altar of Nemelex Xobeh.
    35 | D        | Found a burning altar of Makhleb.
    35 | D        | Found a blossoming altar of Fedhas.
    35 | D        | Found a white marble altar of Elyvilon.
    35 | D        | Found a shadowy altar of Dithmenos.
    35 | D        | Found a snail-covered altar of Cheibriados.
    39 | D        | Found a corrupted altar of Lugonu.
    40 | D        | Found a broken altar of Ashenzari.
    40 | D        | Found a hide-covered altar of Uskayaw.
    42 | D        | Became a worshipper of Gozag Ym Sagoz the Greedy
    85 | D        | Reached XP level 2. HP: 22/22 MP: 0/0
   194 | D        | Reached skill level 4 in Unarmed Combat
   201 | D        | Slain by a gnoll

Illustrated notes

Levels and vault maps discovered:
D:        pitsprint [storerooms_1, entrance_room_1, metal_vault_4, armoury_1,
          mini_pit_1, grid_room_1, main_hall_1, silver_pit, the_coven_2,
          the_vestibule_1, steel_vault_4, golden_pit, hallway_of_sentries,
          crystal_vault_4, iron_vault_2, final_vault]

Skill      XL: |  1  2 |
---------------+-------+-----
Shapeshifting  | 3 |  3.7
Unarmed Combat | 4 |  4.0
Fighting       | |  1.0
Dodging        | |  2.8
Stealth        | |  0.1

Action                     || total
---------------------------++-------
  Melee: Unarmed           ||    19
   Stab: Sleeping          ||     1
 Armour: Animal skin       ||     8
  Dodge: Dodged            ||    10

Table legend: (Time is in decaauts)
 A = Elapsed time spent in this place.
 B = Non-inter-level travel time spent in this place.
 C = Inter-level travel time spent in this place.
 D = Time resting spent in this place.
 E = Time spent auto-exploring this place.
 F = Levels seen in this place.
 G = Mean time per level.
                   A        B        C        D        E       F      G
               +--------+--------+--------+--------+--------+-----+--------+
         Total |    199 |    199 |      0 |    100 |      0 |   1 |  199.0 |
       Dungeon |    199 |    199 |      0 |    100 |      0 |   1 |  199.0 |
               +--------+--------+--------+--------+--------+-----+--------+

Top non-repeatable levels by time:
       D: 199 daAuts
